AoeStats
← Golquiper

Arabia

509916710Analyzed
1v1 RM · 4d ago on Sep 28, 2026· 25m 13s· 2 players
Game mode
Random Map
Map size
Tiny (2 player)
Population
200
Speed
Normal
Resources
Standard
Victory
Conquest
Starting age
Dark Age
Ending age
Imperial Age
RankedLock teamsTeams togetherTeam positionsShared explorationLock speedFull tech treeHidden civsTurbo modeCheats
Victory
Defeat
🇫🇷 Romans · France
928
+17
🇪🇸 Franks · Spain
946
-17
Jourjaque
8:06 Loom
11:07 Feudal Age
11:42 Man-at-Arms
12:59 Scale Mail Armor
19:45 Castle Age
20:11 Double-Bit Axe
20:11 Horse Collar
20:13 Long Swordsman
21:37 Crossbowman
22:11 Fletching
22:53 Squires
25:34 Bow Saw
25:28 Heavy Plow
Golquiper
10:09 Feudal Age
11:20 Double-Bit Axe
14:17 Loom
19:38 Castle Age
Connection lost

Rejoining the realm…

Still unreachable

The connection could not be restored.

Session expired

The server has moved on; the page needs a fresh start.